 Dungeon Crawl Stone Soup version 0.19.1 (webtiles) character file.

189 shmeve the Shield-Bearer (level 6, -1/48 HPs)
             Began as a Formicid Fighter on Nov 28, 2016.
             Killed from afar by an orc wizard (6 damage)
             ... with a magic dart
             ... on level 4 of the Dungeon.
             The game lasted 00:05:39 (2097 turns).

shmeve the Shield-Bearer (Formicid Fighter)         Turns: 2097, Time: 00:05:40

Health: -1/48      AC: 11    Str: 22    XL:     6   Next: 0%
Magic:  6/6        EV:  8    Int:  8    God:
Gold:   144        SH: 10    Dex: 10    Spells: 0 memorised, 5 levels left

rFire  . . .     SeeInvis +     a - +0 war axe
rCold  . . .     Gourm    .     l - +0 plate armour
rNeg   . . .     Faith    .     c - +0 shield
rPois  .         Spirit   .     (helmet unavailable)
rElec  .         Reflect  .     (no cloak)
rCorr  .         Harm     .     (no gloves)
MR     .....                    (no boots)
Stlth  ..........               (no amulet)
                                (no ring)
                                g - +3 ring of evasion

@: no status effects
A: permanent stasis, dig shafts and tunnels, four strong arms, antennae 3
a: Dig, Shaft Self


You were on level 4 of the Dungeon.
You were hungry.

You visited 1 branch of the dungeon, and saw 4 of its levels.

You collected 144 gold pieces.

Inventory:

Hand Weapons
 a - a +0 war axe (weapon)
Armour
 c - a +0 shield (worn)
 l - a +0 plate armour (worn)
Jewellery
 g - a +3 ring of evasion (left hand)
Scrolls
 b - a scroll of magic mapping {unknown}
 e - a scroll of fear {unknown}
 h - 3 scrolls of teleportation {unknown}
 i - 3 scrolls of blinking {unknown}
 o - 2 scrolls of identify {unknown}
 r - a scroll of immolation {unknown}
 t - a scroll of remove curse {unknown}
 u - a scroll of enchant armour {unknown}
Potions
 d - 3 potions of might
 k - a potion of ambrosia {unknown}
 m - 2 potions of curing {unknown}
 n - a potion of magic
 p - a potion of heal wounds {unknown}
 q - a potion of brilliance {unknown}
 s - a potion of berserk rage {unknown}
Comestibles
 f - 3 bread rations
 j - 2 beef jerkies


   Skills:
 * Level 4.2 Fighting
 * Level 3.2 Axes
 + Level 3.7 Armour
 + Level 1.0 Dodging
 + Level 2.3 Stealth
 * Level 4.7 Shields


You had 5 spell levels left.
You didn't know any spells.

Dungeon Overview and Level Annotations

Branches:
Dungeon (4/15)
 Temple: D:4-7

Altars:
Kikubaaqudgha


Innate Abilities, Weirdness & Mutations

You are under a permanent stasis effect.
You can dig through walls and to a lower floor.
Your four strong arms can wield two-handed weapons with a shield.
You have a pair of large antennae on your head. (SInv)


Message History

The orc wizard casts a spell at you. The magic dart hits you!
* * * LOW HITPOINT WARNING * * *
The orc wizard mumbles some strange words.
The orc wizard blinks!
The orc wizard casts a spell.
The orc wizard blinks!
You see here a leopard gecko corpse.
The orc wizard mumbles some strange words.
The orc wizard blinks!
It was a potion of magic.
Magic courses through your body.
The orc wizard points at you and mumbles some strange words.
The magic dart hits you! The orc wizard barely misses you.
Your shield prevents you from hitting the orc wizard.
The orc wizard is severely wounded.
The orc wizard closely misses you.
The orc wizard gestures at you while chanting.
The magic dart hits you!
You die...

#..........# #.......(..#
####..........#
+.###.##..#####
##.#.#.....#
#####..........#
#{.....#[.####.##. ##.
###o#...## .##.##.. .
###@.....# ........
....##..†))##............
.......)...# #...........
......)...#..............
###....##.#.##...........
##... ....# ..........
#.... #..## ........
.....# #..# ........
...... .... ........


You could see an orc wizard.

Vanquished Creatures
  An orc wizard (D:3)
  An adder (D:3)
  A howler monkey skeleton (D:4)
  An ooze (D:2)
  A worm (D:3)
  4 dart slugs
  4 leopard geckos
  8 orcs
  10 bats
  5 bat zombies (D:2)
  5 giant cockroaches
  10 goblins
  14 hobgoblins
  5 jackals
  2 quokkas
  3 ball pythons
  4 frilled lizards
  5 kobolds
  5 rats
89 creatures vanquished.

Vanquished Creatures (others)
  An orc wizard (D:4)
1 creature vanquished.

Grand Total: 90 creatures vanquished

Notes
Turn   | Place    | Note
-------+----------+-------------------------------------------
     0 | D:1      | shmeve the Formicid Fighter began the quest for the Orb.
     0 | D:1      | Reached XP level 1. HP: 18/18 MP: 1/1
   120 | D:1      | Reached XP level 2. HP: 24/24 MP: 2/2
   175 | D:1      | Reached XP level 3. HP: 13/29 MP: 3/3
   963 | D:2      | Reached skill level 1 in Stealth
   965 | D:2      | Reached XP level 4. HP: 33/37 MP: 4/4
  1250 | D:2      | Found an ancient bone altar of Kikubaaqudgha.
  1711 | D:3      | Reached XP level 5. HP: 37/42 MP: 5/5
  2083 | D:4      | Reached skill level 1 in Dodging
  2088 | D:4      | Reached XP level 6. HP: 10/48 MP: 6/6
  2097 | D:4      | Killed from afar by an orc wizard

Skill      XL: |  1  2  3  4  5 |
---------------+----------------+-----
Shields        | 4 |  4.7
Stealth        | 1 2 |  2.3
Fighting       | 4 |  4.2
Axes           | 3 |  3.2
Dodging        | 1 |  1.0
Armour         | |  3.7

Action                   |  1- 3 |  4- 6 || total
-------------------------+-------+-------++-------
Melee: War axe           |   133 |   174 ||   307
  Use: Potion            |       |     1 ||     1
  Eat: Chunk             |     1 |     3 ||     4
Armor: Scale mail        |    37 |       ||    37
       Plate armour      |    48 |   124 ||   172
Dodge: Dodged            |    83 |    83 ||   166
Block: Shield            |   113 |   130 ||   243
